 Dungeon Crawl Stone Soup version 0.32-a0-779-g362cfcae2a (webtiles) character file.

Game seed: 1703908599374610701

59 hikkokomori the Shooter (level 4, -1/52 HPs)
             Began as a Coglin Hunter on Mar 19, 2024.
             Slain by a hobgoblin (5 damage)
             ... led by Robin
             ... on level 2 of the Dungeon.
             The game lasted 00:02:14 (859 turns).

hikkokomori the Shooter (Coglin Hunter)              Turns: 859, Time: 00:02:15

Health: -1/52      AC:  3    Str: 11    XL:     4   Next: 3%
Magic:  4/4        EV: 11    Int:  8    God:
Gold:   14         SH:  0    Dex: 20    Spells: 3/3 levels left

rFire   . . .        a - +2 sling {Lars}
rCold   . . .        d - +0 sling {Dongyul}
rNeg    . . .        c - +0 leather armour
rPois   .            (no helmet)
rElec   .            (no cloak)
rCorr   .            (no gloves)
SInv    .            (no boots)
Will    .....        (amulet unavailable) Stlth
                     (ring unavailable)
HPRegen 0.28/turn    (ring unavailable)
MPRegen 0.09/turn    (no gizmo)

%: no passive effects
@: berserking, revved, very quick
A: off-hand wielding, slow wielding, warmup strikes, no jewellery
a: Invent Gizmo


You were on level 2 of the Dungeon.
You visited 1 branch of the dungeon, and saw 2 of its levels.

You collected 14 gold pieces.

Inventory:

Hand Weapons
 a - a +2 sling (weapon) {Lars}
 d - a +0 sling (offhand) {Dongyul}
 h - a +2 dagger of protection
Armour
 c - a +0 leather armour (worn)
Scrolls
 e - a scroll of teleportation {unknown}
 f - a scroll of immolation {unknown}
 i - a scroll of identify {unknown}
 j - a scroll of amnesia {unknown}
 k - a scroll of vulnerability {unknown}
 l - 2 scrolls of poison {unknown}
Potions
 m - a potion of curing {unknown}


   Skills:
 + Level 3.2 Fighting
 + Level 4.3 Ranged Weapons
 - Level 1.7 Dodging
 - Level 0.7 Stealth


You had 3 spell levels left.
You didn't know any spells.
Your spell library was empty.

Dungeon Overview and Level Annotations

Branches:
Dungeon (2/15)

Altars:

Annotations:
D:2 Robin


Innate Abilities, Weirdness & Mutations

You can wield a second weapon in your off-hand.
It takes a long time for you to wield or remove held weapons.
Your first few attacks do less damage.
You cannot equip rings or amulets.


Message History

You shoot a sling bullet. The sling bullet hits the goblin.
The goblin is heavily wounded.
You shoot a sling bullet. The sling bullet hits the goblin!
You kill the goblin!
The hobgoblin barely misses your butterfly.
Robin hits you from afar with a +0 spear.
* * * LOW HITPOINT WARNING * * *
You swap places.
Your butterfly disappears in a burst of colours! x3
The hobgoblin completely misses your butterfly.
Fire: a) +2 sling {Lars}
Press: ? - help, Shift-Dir - straight line, f - Robin
Aim: Robin, wielding a +0 spear, wearing a +0 animal skin and wearing a +0 helmet (ally target, 72% to hit)
You swap places.
Your butterfly disappears in a burst of colours! x3
Robin closely misses you.
You swap places.
Fire: a) +2 sling {Lars}
Press: ? - help, Shift-Dir - straight line, f - Robin
Aim: Robin, wielding a +0 spear, wearing a +0 animal skin and wearing a +0 helmet (ally target, 72% to hit)
You shoot a sling bullet.
The sling bullet hits Robin but does no damage.
You shoot a sling bullet. The sling bullet hits Robin.
Robin is moderately wounded.
Your butterfly disappears in a burst of colours!
Robin hits you from afar with a +0 spear.
* * * LOW HITPOINT WARNING * * *
It was a potion of berserk rage.
A red film seems to cover your vision as you go berserk!
You feel yourself moving faster!
You feel mighty!
Your butterfly disappears in a burst of colours! x2
The hobgoblin barely misses you.
Robin hits you from afar with a +0 spear.
* * * LOW HITPOINT WARNING * * *
You clumsily bash the hobgoblin with your +2 sling.
The hobgoblin is severely wounded.
You closely miss the hobgoblin with your +0 sling.
Your butterfly disappears in a burst of colours!
The hobgoblin hits you.
You die...

.. .......)# ........# ...
......b.# #.......# ... ..)..b..#
#)......# .............#
#.......###### ............)#
#.............
...........†)#######.........####
...........bb)...).........#.....
.........b....gb...........#.....
...............g@b..######.#...##
...#####........bb..# #.#...##
....................# #.#....#
....................######.#.#...
.........########........#.#.#.##
.........# ######........#.#.#.##
.........# #....'.......['.#.#.#
'#.####### #.####........###.#.#
.#.# #.# ########## #.#.#


You could see Robin (ally target) and a hobgoblin (strong, ally target).

Vanquished Creatures
  A gnoll (D:1)
  4 dart slugs
  6 ball pythons
  A bat (D:1)
  3 endoplasms
  2 giant cockroaches
  10 goblins (D:2)
  3 hobgoblins
  A kobold (D:2)
  2 quokkas
  2 frilled lizards
  2 rats
37 creatures vanquished.

Notes
Turn   | Place    | Note
-------+----------+-------------------------------------------
     0 | D:1      | hikkokomori the Coglin Hunter began the quest for the Orb.
     0 | D:1      | Reached XP level 1. HP: 16/16 MP: 1/1
   105 | D:1      | Reached XP level 2. HP: 23/23 MP: 2/2
   117 | D:1      | Reached skill level 4 in Ranged Weapons
   206 | D:1      | Reached XP level 3. HP: 28/28 MP: 3/3
   830 | D:2      | Noticed Robin
   850 | D:2      | Reached XP level 4. HP: 13/35 MP: 4/4
   859 | D:2      | Slain by a hobgoblin

Illustrated notes

Levels and vault maps discovered:
D:1:      lightli_molten_gateway, layout_basic
D:2:      layout_basic, uniq_robin

Skill      XL: |  1  2  3 |
---------------+----------+-----
Ranged Weapons | 4 |  4.3
Fighting       | 3 |  3.2
Dodging        | |  1.7
Stealth        | |  0.7

Action                     |  1- 3 |  4- 6 || total
---------------------------+-------+-------++-------
  Melee: Sling             |       |     2 ||     2
   Fire: Sling             |   132 |     6 ||   138
    Use: Scroll            |     1 |       ||     1
         Potion            |       |     1 ||     1
 Armour: Leather armour    |    11 |     6 ||    17
  Dodge: Dodged            |     9 |     2 ||    11

Table legend: (Time is in decaauts)
 A = Elapsed time spent in this place.
 B = Non-inter-level travel time spent in this place.
 C = Inter-level travel time spent in this place.
 D = Time resting spent in this place.
 E = Time spent auto-exploring this place.
 F = Levels seen in this place.
 G = Mean time per level.
                   A        B        C        D        E       F      G
               +--------+--------+--------+--------+--------+-----+--------+
         Total |    875 |    846 |     29 |      0 |    690 |   2 |  437.5 |
       Dungeon |    875 |    846 |     29 |      0 |    690 |   2 |  437.5 |
               +--------+--------+--------+--------+--------+-----+--------+

Top non-repeatable levels by time:
     D:1: 561 daAuts
     D:2: 313 daAuts
